 Dungeon Crawl Stone Soup version 0.31-a0-430-gf8416d752b (webtiles) character file.

Game seed: 11363480586493184323

107 AdnanSaban the Trooper (level 4, -3/29 HPs)
             Began as a Gargoyle Fighter on July 31, 2023.
             Slain by a gnoll
             ... wielding a +0 whip
              (6 damage)
             ... on level 3 of the Dungeon.
             The game lasted 00:01:31 (1680 turns).

AdnanSaban the Trooper (Gargoyle Fighter)           Turns: 1680, Time: 00:01:31

Health: -3/29      AC: 10    Str: 21    XL:     4   Next: 86%
Magic:  4/4        EV:  9    Int:  9    God:
Gold:   104        SH:  4    Dex:  9    Spells: 3/3 levels left

rFire   . . .        a - +0 flail
rCold   . . .        c - +0 buckler
rNeg    + . .        b - +0 scale mail
rPois   ∞            (no helmet)
rElec   +            (no cloak)
rCorr   .            (no gloves)
SInv    .            (no boots)
Will    .....        (no amulet) Stlth
                     (no ring)
HPRegen 0.24/turn    (no ring)
MPRegen 0.09/turn

%: no passive effects
@: no status effects
A: sickness immunity, AC +3, negative energy resistance 1, electricity
resistance, torment resistance 1, petrification resistance
a: no special abilities


You were on level 3 of the Dungeon.
You visited 1 branch of the dungeon, and saw 3 of its levels.

You collected 104 gold pieces.

Inventory:

Hand Weapons
 a - a +0 flail (weapon)
Armour
 b - a +0 scale mail (worn)
 c - a +0 buckler (worn)
Jewellery
 p - an amulet of regeneration
Scrolls
 e - 3 scrolls of vulnerability {unknown}
 g - a scroll of silence {unknown}
 h - 2 scrolls of identify {unknown}
 i - a scroll of fear {unknown}
 k - 3 scrolls of enchant weapon {unknown}
Potions
 d - a potion of might
 f - a potion of curing {unknown}
 j - a potion of enlightenment {unknown}
 l - a potion of ambrosia {unknown}
 m - a potion of degeneration {unknown}
 n - a potion of mutation {unknown}
 o - 2 potions of brilliance {unknown}


   Skills:
 + Level 4.2 Fighting
 + Level 3.3 Maces & Flails
 + Level 3.7 Armour
 + Level 0.4 Dodging
 + Level 3.7 Shields


You had 3 spell levels left.
You didn't know any spells.
Your spell library was empty.

Dungeon Overview and Level Annotations

Branches:
Dungeon (3/15)

Altars:


Innate Abilities, Weirdness & Mutations

You are immune to sickness and miasma.
Your stone body is resilient. (AC +3)
You are immune to poison.
You resist negative energy. (rN+)
You are resistant to electric shocks. (rElec)
You are resistant to unholy torment.
You are immune to petrification.


Message History

The gnoll barely misses you.
You hit the gnoll but do no damage. The endoplasm freezes you.
You are frozen.
The gnoll barely misses you.
A gnoll comes into view. It is wielding a +0 whip.
The gnoll shouts!
You hit the gnoll.
The gnoll is moderately wounded.
The endoplasm hits you but does no damage.
The gnoll closely misses you.
You hit the gnoll.
The gnoll is heavily wounded.
The gnoll hits you with a +0 spear. The endoplasm freezes you.
You are frozen.
You block the gnoll's attack.
You hit the gnoll but do no damage.
The gnoll is heavily wounded.
The gnoll hits you with a +0 spear! The gnoll hits you with a +0 whip.
The gnoll misses you. The endoplasm closely misses you.
The gnoll completely misses you. The gnoll hits you with a +0 whip.
The endoplasm barely misses you. The gnoll hits you with a +0 flail.
* * * LOW HITPOINT WARNING * * *
The gnoll attacks as you move away! The gnoll barely misses you.
The gnoll attacks as you move away! The gnoll barely misses you.
The gnoll attacks as you move away! The gnoll hits you with a +0 spear.
* * * LOW HITPOINT WARNING * * *
The gnoll hits you but does no damage. The endoplasm attacks as you move away!
The endoplasm hits you but does no damage.
The gnoll attacks as you move away! You block the gnoll's attack.
The gnoll attacks as you move away! The gnoll hits you but does no damage.
The endoplasm freezes you.
You are frozen.
* * * LOW HITPOINT WARNING * * *
The endoplasm attacks as you move away! The endoplasm barely misses you.
The endoplasm attacks as you move away!
The endoplasm hits you but does no damage.
The gnoll attacks as you move away! The gnoll closely misses you.
The gnoll attacks as you move away! The gnoll hits you with a +0 whip.
You die...

...........#
...##......########
. #..#.#...##...##
##..............##
........(.....(..#
.#...#...g........#
.
#...#....gg....).#
#.#......Jg.....##
.....##...@#...##
..#.# #.#...#### .
#. #..#†.# #
####.#.<###
#....<....#
#...........#
..............#
..............#
............###


You could see 4 gnolls and an endoplasm.

Vanquished Creatures
  Jessica (D:2)
  3 adders (D:2)
  A worm (D:2)
  5 ball pythons
  7 endoplasms (D:1)
  3 giant cockroaches
  9 goblins
  5 hobgoblins
  2 quokkas
  2 bats (D:1)
  3 frilled lizards (D:2)
  2 kobolds
  2 rats (D:2)
45 creatures vanquished.

Notes
Turn   | Place    | Note
-------+----------+-------------------------------------------
     0 | D:1      | AdnanSaban the Gargoyle Fighter began the quest for the
                  | Orb.
     0 | D:1      | Reached XP level 1. HP: 14/14 MP: 1/1
   159 | D:1      | Reached XP level 2. HP: 14/19 MP: 2/2
   812 | D:2      | Reached XP level 3. HP: 24/24 MP: 3/3
   966 | D:2      | Reached skill level 4 in Fighting
  1201 | D:2      | Noticed Jessica
  1216 | D:2      | Killed Jessica
  1217 | D:2      | Reached XP level 4. HP: 29/29 MP: 4/4
  1680 | D:3      | Slain by a gnoll

Illustrated notes

Levels and vault maps discovered:
D:1:      dpeg_arrival_lava_temple_mockup, layout_loops_ring,
          corexii_hall_statues_i, st_stairs_2
D:2:      minmay_razor_zed, layout_loops_ring, uniq_jessica
D:3:      layout_rooms, ebering_ghost_reflecting_pool, interstate_on_off

Skill      XL: |  1  2  3 |
---------------+----------+-----
Fighting       | 4 |  4.2
Maces & Flails | 3 |  3.3
Armour         | |  3.7
Dodging        | |  0.4
Shields        | |  3.7

Action                     |  1- 3 |  4- 6 || total
---------------------------+-------+-------++-------
  Melee: Flail             |    85 |    73 ||   158
 Armour: Scale mail        |    44 |    54 ||    98
  Dodge: Dodged            |    34 |    52 ||    86
  Block: Buckler           |    16 |    25 ||    41

Table legend: (Time is in decaauts)
 A = Elapsed time spent in this place.
 B = Non-inter-level travel time spent in this place.
 C = Inter-level travel time spent in this place.
 D = Time resting spent in this place.
 E = Time spent auto-exploring this place.
 F = Levels seen in this place.
 G = Mean time per level.
                   A        B        C        D        E       F      G
               +--------+--------+--------+--------+--------+-----+--------+
         Total |   1728 |   1677 |     51 |      0 |   1337 |   3 |  576.0 |
       Dungeon |   1728 |   1677 |     51 |      0 |   1337 |   3 |  576.0 |
               +--------+--------+--------+--------+--------+-----+--------+

Top non-repeatable levels by time:
     D:2: 888 daAuts
     D:1: 804 daAuts
     D:3: 36 daAuts
